 Dungeon Crawl Stone Soup version 0.21.1-1-g345015f (webtiles) character file.

273 infcreate the Chopper (level 6, 0/53 HPs)
             Began as a Minotaur Fighter on May 23, 2018.
             Was an Initiate of Trog.
             Slain by a wight
             ... wielding a +3 short sword
              (1 damage)
             ... on level 2 of the Dungeon.
             The game lasted 00:09:40 (2132 turns).

infcreate the Chopper (Minotaur Fighter)            Turns: 2132, Time: 00:09:41

Health: 0/53       AC:  8    Str: 22    XL:     6   Next: 3%
Magic:  0/5        EV:  5    Int:  5    God:    Trog [......]
Gold:   88         SH:  8    Dex: 10    Spells: 5/5 levels left

rFire    . . .     SeeInvis .   a - +0 war axe
rCold    + . .     Gourm    .   c - +0 shield
rNeg     . . .     Faith    .   n - +0 chain mail
rPois    .         Spirit   +   (helmet restricted)
rElec    .         Reflect  .   h - scarf {Spirit}
rCorr    .         Harm     .   (no gloves)
MR       .....                  (no boots)
Stlth    ..........             (no amulet)
HPRegen  0.17/turn              o - ring of protection from cold
MPRegen  0.09/turn              (no ring)

@: very heavily drained
A: retaliatory headbutt, horns 2
a: Burn Spellbooks, Renounce Religion


You were on level 2 of the Dungeon.
You worshipped Trog.
Trog was noncommittal.
You were not hungry.

You visited 1 branch of the dungeon, and saw 3 of its levels.

You collected 88 gold pieces.

Inventory:

Hand Weapons
 a - a +0 war axe (weapon)
Armour
 c - a +0 shield (worn)
 h - a scarf of spirit shield (worn)
 n - a +0 chain mail (worn)
Jewellery
 o - a ring of protection from cold (left hand)
Scrolls
 g - a scroll of remove curse {unknown}
 i - a scroll of fear {unknown}
 j - a scroll of blinking {unknown}
 l - a scroll of enchant weapon {unknown}
 m - a scroll of amnesia {unknown}
 p - 2 scrolls of fog {unknown}
Potions
 b - a potion of brilliance {unknown}
 d - a potion of might
 e - 2 potions of heal wounds {unknown}
 k - a potion of magic {unknown}
Comestibles
 f - 4 rations


   Skills:
 + Level 4.5(1.4) Fighting
 + Level 5.3(2.1) Axes
 + Level 5.0(1.9) Armour
 + Level 4.9(1.8) Shields


You had 5 spell levels left.
You didn't know any spells.

Dungeon Overview and Level Annotations

Branches:
Dungeon (3/15)

Altars:
Makhleb
Okawaru
Ru
Trog


Innate Abilities, Weirdness & Mutations

You reflexively headbutt those who attack you in melee.
You have a pair of horns on your head.


Message History

You closely miss the wight. You block the wight's attack.
The wight hits you with an enchanted short sword.
* * * LOW HITPOINT WARNING * * *
You feel drained.
* * * LOW HITPOINT WARNING * * *
Your shield and chain mail prevent you from hitting the wight.
Your headbutt misses the wight. The wight hits you but does no damage.
Your shield prevents you from hitting the wight.
The wight hits you but does no damage. x2
You closely miss the wight.
The wight hits you with an enchanted short sword!
* * * LOW HITPOINT WARNING * * *
You feel drained.
* * * LOW HITPOINT WARNING * * *
You barely miss the wight. Your headbutt misses the wight.
The wight hits you but does no damage.
The wight hits you with an enchanted short sword.
* * * LOW HITPOINT WARNING * * *
You feel drained.
You die...

....#........#......#.####..#....
................###..รท)..........
#............##...#.#.)##.#......
#..#...#..#######.............#.#
#..#...#..###.................#.#
..........##......#...........#.#
..#...............#...........#.#
...>.........#.#................#
........###....#@..............##
............##<..z.###...####.##
.##.....#................# #.#
..........###.......####.####.#
..............#.###.####..##..#
.......##.......# #...###..#..##
......###.####### ###.# ##.....#
..........# #.# ###...#
.....###### #.#####....#


You could see a wight.

Vanquished Creatures
  A wight (D:3)
  The ghost of kalagan the Caller, a weakling DESu (D:3)
  A hound (D:3)
  An orc wizard (D:2)
  Robin (D:2)
  A gnoll (D:1)
  4 adders
  3 dart slugs (D:1)
  A leopard gecko (D:1)
  9 bats
  5 giant cockroaches
  18 goblins
  9 hobgoblins
  7 jackals
  5 kobolds
  9 frilled lizards
  10 rats
86 creatures vanquished.

Notes
Turn   | Place    | Note
-------+----------+-------------------------------------------
     0 | D:1      | infcreate the Minotaur Fighter began the quest for the Orb.
     0 | D:1      | Reached XP level 1. HP: 19/19 MP: 0/0
   227 | D:1      | Reached XP level 2. HP: 27/27 MP: 1/1
   474 | D:1      | Reached XP level 3. HP: 28/33 MP: 2/2
   739 | D:2      | Found a sacrificial altar of Ru.
   748 | D:2      | Reached XP level 4. HP: 35/40 MP: 3/3
   902 | D:2      | Noticed Robin
   917 | D:2      | Killed Robin
  1231 | D:3      | Noticed kalagan's ghost (weakling DESu)
  1399 | D:3      | Reached XP level 5. HP: 47/47 MP: 4/4
  1473 | D:3      | Found an iron altar of Okawaru.
  1529 | D:3      | Found a bloodstained altar of Trog.
  1538 | D:3      | Became a worshipper of Trog the Wrathful
  1813 | D:3      | Found a burning altar of Makhleb.
  1888 | D:3      | Killed kalagan's ghost
  1888 | D:3      | Reached skill level 5 in Axes
  2094 | D:3      | Reached skill level 5 in Armour
  2094 | D:3      | Reached XP level 6. HP: 20/53 MP: 2/5
  2132 | D:2      | HP: 1/53 [wight/enchanted short sword (4)]
  2132 | D:2      | Slain by a wight

Skill      XL: |  1  2  3  4  5 |
---------------+----------------+-----
Armour         | 4 5 |  5.0
Fighting       | 4 |  4.5
Shields        | 4 |  4.9
Axes           | 3 4 5 |  5.3

Action                   |  1- 3 |  4- 6 || total
-------------------------+-------+-------++-------
Melee: War axe           |    83 |   148 ||   231
       Headbutt          |     5 |    24 ||    29
 Stab: Invisible         |       |     1 ||     1
  Eat: Chunk             |       |     1 ||     1
       Ration            |       |     1 ||     1
Armor: Scale mail        |    39 |     4 ||    43
       Chain mail        |       |    97 ||    97
Dodge: Dodged            |    18 |    53 ||    71
Block: Shield            |    38 |    92 ||   130
